Map: Romanticide LE

Players

Nice - Winner!

  • Race: Protoss Protoss
  • Spawn Location: 11:00

黑羽快斗 (ButAlways)

  • Race: Protoss Protoss
  • League: Grandmaster
  • Spawn Location: 5:00

Event: DreamHack SC2 Masters 2020 Winter

VOD

Have the link to the VOD?

Description

Time

  • Played on: Oct. 23, 2020, 8:19 a.m.
  • Length: 6:45

All games in this series

Show
View Real Time Build Order
Export as new Build Order

Nice Protoss - Winner!

Build Orders: 1 Gate Expand 

Get SALT Encoding   

  12  0:00  Probe  
  13  0:12  Probe  
  14  0:19  Pylon  
  14  0:24  Probe  
  15  0:37  Probe (Chrono Boost)  
  15  0:38  Gateway  
  15  0:42  Gateway  
  17  0:50  Assimilator, Probe (Chrono Boost)  
  17  0:55  Probe (Chrono Boost)  
  19  1:04  Probe  
  19  1:16  Probe  
  20  1:27  Nexus  
  20  1:37  Cybernetics Core  
  20  1:46  Assimilator, Probe  
  21  1:54  Pylon  
  21  1:58  Probe  
  22  2:10  Probe  
  22  2:11  Adept (Chrono Boost)  
  22  2:14  Warp Gate  
  25  2:22  Probe  
  26  2:31  Stalker (Chrono Boost)  
  26  2:33  Shield Battery  
  26  2:36  Probe  
  29  2:39  Probe  
  29  2:44  Stargate  
  30  2:53  Stalker (Chrono Boost)  
  32  3:04  Shield Battery  
  32  3:06  Shield Battery  
  32  3:07  Probe  
  33  3:14  Stalker (Chrono Boost)  
  35  3:21  Shield Battery  
  35  3:25  Void Ray (Chrono Boost)  
  33  3:41  Shield Battery  
  39  3:54  Pylon  
  39  4:00  Probe  
  39  4:01  Probe  
  39  4:05  Stalker  
  39  4:08  Void Ray (Chrono Boost)  
  45  4:19  Shield Battery  
  45  4:21  Shield Battery  
  45  4:28  Stalker  
  47  4:33  Cybernetics Core  
  47  4:52  Void Ray (Chrono Boost)  
  45  5:04  Zealot  
  45  5:05  Gateway  
  51  5:08  Pylon  
  51  5:19  Void Ray (Chrono Boost)  
  49  5:26  Shield Battery  
  49  5:30  Shield Battery  
  49  5:33  Pylon  
  53  5:42  Gateway  
  51  5:55  Void Ray (Chrono Boost)  
  49  6:02  Zealot  
  55  6:07  Shield Battery  
  55  6:10  Shield Battery  
  51  6:21  Probe x2  
Show
View Real Time Build Order
Export as new Build Order

黑羽快斗 Protoss 

Build Orders:  

Get SALT Encoding   

  12  0:00  Probe  
  13  0:12  Probe  
  14  0:17  Pylon  
  14  0:24  Probe (Chrono Boost)  
  15  0:36  Probe (Chrono Boost)  
  15  0:37  Gateway  
  16  0:45  Probe (Chrono Boost)  
  16  0:47  Assimilator  
  17  0:51  Probe  
  17  0:55  Assimilator  
  18  1:03  Probe (Chrono Boost)  
  19  1:08  Gateway  
  20  1:12  Probe (Chrono Boost)  
  20  1:17  Probe (Chrono Boost)  
  21  1:26  Cybernetics Core  
  21  1:29  Probe  
  22  1:37  Pylon  
  22  1:41  Probe  
  23  2:01  Warp Gate (Chrono Boost)  
  24  2:02  Stalker  
  24  2:03  Stalker  
  28  2:12  Robotics Facility  
  27  2:20  Gateway  
  27  2:32  Stalker  
  27  2:35  Stalker  
  31  2:48  Pylon  
  31  3:03  Warp Prism (Chrono Boost)  
  32  3:14  Stalker  
  34  3:22  Pylon  
  34  3:32  Observer  
  33  3:47  Stalker x2  
  37  3:53  Stalker  
  39  3:56  Pylon  
  39  4:04  Immortal  
  43  4:17  Observer  
  43  4:19  Sentry x2  
  47  4:29  Stalker  
  49  4:34  Pylon  
  47  5:05  Stalker x3  
  49  5:28  Stalker x3  
  55  5:31  Pylon  
  43  5:59  Stalker x3  
Tags
 
Add a new tag
Caveats
  • Supply blocks, unpowered buildings, or Contaminate may cause inaccurate times.
  • Supply counts are checked every 10 seconds.